 Seeded DCSS version 0.29-a0-598-gd8304a5bf4 (webtiles) character file.

Game seed: 5864611922361342487 (custom seed)

14250 happo123 the Grappler (level 11, -17/99 (104) HPs)
             Began as a Troll Transmuter on June 15, 2022.
             Was a Believer of Kikubaaqudgha.
             Demolished by a shadow (29 damage)
             ... on level 10 of the Dungeon.
             The game lasted 00:38:09 (7316 turns).

happo123 the Grappler (Troll Transmuter)            Turns: 7316, Time: 00:38:11

HP:   -17/99 (104)  AC:  7    Str: 20    XL:     11   Next: 86%
MP:   14/16         EV: 15    Int: 19    God:    Kikubaaqudgha [**....]
Gold: 519           SH:  0    Dex: 10    Spells: 15/18 levels left

rFire   . . .      SeeInvis .     - Unarmed
rCold   . . .      Faith    .   (no shield)
rNeg    . . .      Spirit   .   J - +0 troll leather armour
rPois   .          Reflect  .   (helmet currently unavailable)
rElec   .          Harm     .   y - +0 cloak
rCorr   .          Rampage  .   (gloves unavailable)
Will    .....                   (boots unavailable)
Stlth   +.........              k - amulet of regeneration
HPRegen 2.66/turn               g - +6 ring of intelligence
MPRegen 0.15/turn               o - +4 ring of evasion

@: appendages (expiring), wereblooded, lightly drained
A: horns 2, talons 2, large, unfitting armour, claws 3, regeneration 1, shaggy
fur 1, tough skin 1
a: End Transformation, Renounce Religion, Unearth Wretches


You were on level 10 of the Dungeon.
You worshipped Kikubaaqudgha.
Kikubaaqudgha was pleased with you.
You had temporarily grown beastly horns and talons.
You visited 2 branches of the dungeon, and saw 11 of its levels.

You collected 519 gold pieces.

Inventory:

Hand Weapons
 p - the +8 short sword "Dragon's Doom" {flame, Int+2}
   (You found it on level 3 of the Dungeon)

   It burns those it strikes, dealing additional fire damage.
   Int:       It affects your intelligence (+2).
 I - a -2 demon whip of venom
Armour
 a - a +0 robe
 y - a +0 cloak (worn)
 B - a scarf of harm
 G - +0 steam dragon scales
 J - a +0 troll leather armour (worn)
 K - the +1 robe "Gefaith" {rF+ Regen+ Dex-5}
   (You found it on level 10 of the Dungeon)

   Dex:       It affects your dexterity (-5).
   rF:        It protects you from fire.
   Regen:     It increases your rate of health regeneration.
Magical Staves
 m - a staff of death
Jewellery
 g - a +6 ring of intelligence (left claw)
 k - an amulet of regeneration (around neck)
 o - a +4 ring of evasion (right claw)
Scrolls
 c - 7 scrolls of immolation {unknown}
 d - 3 scrolls of noise {unknown}
 f - 2 scrolls of amnesia {unknown}
 j - 3 scrolls of poison {unknown}
 n - 3 scrolls of teleportation {unknown}
 r - 3 scrolls of fear {unknown}
 s - a scroll of fog {unknown}
 u - 2 scrolls of blinking {unknown}
 v - 2 scrolls of magic mapping {unknown}
 x - 2 scrolls of enchant armour {unknown}
 z - 4 scrolls of identify {unknown}
 C - 3 scrolls of vulnerability {unknown}
 D - a scroll of enchant weapon {unknown}
 E - a scroll of silence {unknown}
 H - a scroll of brand weapon {unknown}
Potions
 b - a potion of lignification
 e - 2 potions of magic {unknown}
 h - 3 potions of brilliance {unknown}
 i - 2 potions of heal wounds {unknown}
 l - 3 potions of curing {unknown}
 q - a potion of berserk rage {unknown}
 t - a potion of might {unknown}
 w - 2 potions of resistance {unknown}
 A - 2 potions of attraction {unknown}
 F - 2 potions of mutation {unknown}


   Skills:
 + Level 5.5 Fighting
 + Level 5.8 Dodging
 * Level 10.2 Unarmed Combat
 + Level 4.4 Spellcasting
 + Level 2.2 Necromancy
 * Level 7.6 Transmutations
 + Level 4.9 Ice Magic


You had 15 spell levels left.
You knew the following spells:

 Your Spells              Type           Power      Damage    Failure   Level
a - Beastly Appendage     Tmut           66%        N/A       1%          1
b - Wereblood             Tmut           33%        N/A       1%          2

Your spell library contained the following spells:

 Spells                   Type           Power      Damage    Failure   Level
 Freeze                   Ice            92%        1d10      1%          1
 Necrotize                Necr           48%        1d6       6%          1
 Frozen Ramparts          Ice            46%        1d6       6%          3
 Ozocubu's Armour         Ice            23%        N/A       6%          3
 Spider Form              Tmut/Pois      18%        N/A       10%         3
 Ice Form                 Ice/Tmut       28%        N/A       12%         4
 Ignite Poison            Fire/Tmut/Pois 13%        N/A       16%         3
 Vampiric Draining        Necr           12%        2d6       19%         3
 Blade Hands              Tmut           16%        N/A       19%         5
 Confusing Touch          Hex            4%         N/A       43%         3
 Conjure Flame            Conj/Fire      4%         6-21      43%         3
 Gell's Gravitas          Tloc           4%         N/A       43%         3
 Mephitic Cloud           Conj/Pois/Air  4%         N/A       43%         3
 Portal Projectile        Hex/Tloc       8%         N/A       43%         3
 Teleport Other           Tloc           4%         N/A       43%         3
 Tukima's Dance           Hex            4%         N/A       43%         3
 Hailstorm                Conj/Ice       13%        3d5       50%         4
 Summon Ice Beast         Ice/Summ       13%        N/A       50%         4
 Animate Dead             Necr           12%        N/A       52%         4
 Dispel Undead            Necr           12%        3d9       52%         4
 Yara's Violent Unravell  Hex/Tmut       9%         3d6       65%         5
 Anguish                  Hex/Necr       4%         N/A       69%         4
 Corpse Rot               Necr/Pois/Air  7%         N/A       75%         4
 Sticky Flame             Conj/Fire      4%         2d3       83%         4
 Metabolic Englaciation   Hex/Ice        6%         N/A       83%         5
 Freezing Cloud           Conj/Ice/Air   5%         6-21      91%         5
 Borgnjor's Vile Clutch   Necr/Erth      4%         N/A       95%         5
 Simulacrum               Ice/Necr       8%         N/A       99%         6
 Death Channel            Necr           6%         N/A       100%        6
 Dispersal                Tloc           2%         N/A       100%        6
 Enfeeble                 Hex            2%         N/A       100%        7


Dungeon Overview and Level Annotations

Branches:
Dungeon (10/15)            Temple (1/1) D:7            Lair (0/6) D:8
    Orc: D:9-12

Altars:
Cheibriados
Dithmenos
Elyvilon
Fedhas
Gozag
Hepliaklqana
Kikubaaqudgha
Makhleb
Nemelex Xobeh
Okawaru
Qazlal
Ru
Sif Muna
Trog
Uskayaw
Vehumet
Wu Jian
Xom
Yredelemnul
Zin
The Shining One

Shops:
D:7 (   D:10 [:!

Annotations:
D:3 1 transporter, hgbash's ghost, amateur DjFE


Innate Abilities, Weirdness & Mutations

You have temporarily grown beastly horns and talons.
You are too large for most types of armour.
You have claws for hands.
Your natural rate of healing is unusually fast.
You are covered in fur. (AC +1)
You have tough skin. (AC +1)


Message History

The shadow slips into darkness.
The shadow flickers and vanishes!
Deactivating autopickup; reactivate with Ctrl-A.
The necromancer barely misses you. The necromancer simulacrum misses you.
You mangle the necromancer!! Your kick misses the necromancer.
Your claw misses the necromancer.
The necromancer is severely wounded.
Your transformation is almost over.
The shadow strikes at you from the darkness!
Reactivating autopickup.
The necromancer hits you with a staff of earth.
The necromancer shatters you.
Casting: Beastly Appendage (safe; 1% risk of failure)
Confirm with . or Enter, or press ? or * to list all spells.
Your blood is infused with primal strength.
The necromancer simulacrum misses you.
The necromancer hits you with a staff of earth!
The shadow misses you.
You scratch the necromancer. Your kick misses the necromancer.
You headbutt the necromancer, but do no damage.
You claw the necromancer.
The necromancer is severely wounded.
The necromancer simulacrum hits you. The necromancer simulacrum freezes you!
* * * LOW HITPOINT WARNING * * *
The necromancer hits you but does no damage.
The shadow slips into darkness.
The shadow flickers and vanishes!
Deactivating autopickup; reactivate with Ctrl-A.
You barely miss the necromancer. Your kick misses the necromancer.
You headbutt the necromancer.
The necromancer is severely wounded.
You scratch the necromancer but do no damage.
Your kick misses the necromancer. Your headbutt misses the necromancer.
The necromancer is severely wounded.
The necromancer hits you but does no damage.
The necromancer shatters you!
* * * LOW HITPOINT WARNING * * *
The shadow strikes at you from the darkness!
You die...
Kikubaaqudgha rasps: "You have failed me!
Welcome... death!"

?Z.. #.∩...#..##.....# ##..#
#.....#..##.....# p...
#.....#..##.....# #..#
#.....#.........# #..#
#.....#....#'#..#
#..######.....#...8≈.#... ...
#......Z......#..#≈≈.###. ..
#.....Z{#######..+..∩..+. .#
###########p@Z.......###.≈≈## ≈#
#..........#######.....#.≈8.# .#
#..........# #.....#'#..#
.####..........#######..........#
................................#
................................#
#################################


You could see a necromancer (soul bound), a necromancer simulacrum and 2 centaur
warrior zombies.

Vanquished Creatures
  A centaur warrior (D:9)
  2 two-headed ogres
  Amaemon (D:8)
  A necromancer (D:10)
  2 centaur zombies (D:10)
  An orange demon (D:8)
  4 centaur skeletons (D:10)
  2 unseen horrors
  2 unseen horror zombies (D:10)
  An unseen horror skeleton (D:10)
  4 trolls (D:9)
  A hornet (D:9)
  4 flying skulls (D:10)
  5 shadows
  5 wraiths
  A wyvern (D:9)
  8 yaks
  2 steam dragons
  Grum (D:8)
  4 water moccasins
  3 black bears
  2 orc warriors
  A sky beast (D:6)
  3 ogres
  2 centaurs
  2 wolves (D:8)
  A kobold brigand (D:9)
  6 bullfrogs
  6 scorpions
  2 electric eels (D:10)
  4 howler monkeys
  5 orc priests
  A gnoll shaman (D:7)
  3 jellies
  2 hounds (D:5)
  8 orc wizards
  4 adders
  9 gnolls (D:7)
  A shadow imp (D:8)
  A white imp (D:8)
  2 ufetubi (D:4)
  2 worms
  A dart slug (D:1)
  18 orcs
  4 ball pythons
  5 endoplasms
  A giant cockroach (D:2)
  6 goblins
  8 hobgoblins
  4 jackals
  14 kobolds
  A quokka (D:4)
  5 bats
  2 rats
191 creatures vanquished.

Vanquished Creatures (others)
  28 fungi (D:8)
  48 plants
76 creatures vanquished.

Grand Total: 267 creatures vanquished

Notes
Turn   | Place    | Note
-------+----------+-------------------------------------------
     0 | D:1      | happo123 the Troll Transmuter began the quest for the Orb.
     0 | D:1      | Reached XP level 1. HP: 18/18 MP: 1/1
     0 | D:1      | Upgraded the game from 0.29-a0-582-ge82337ba6a to
                  | 0.29-a0-598-gd8304a5bf4
   132 | D:1      | Reached XP level 2. HP: 25/26 MP: 2/2
   476 | D:1      | Reached skill level 1 in Fighting
   694 | D:2      | Learned a level 2 spell: Wereblood
   717 | D:2      | Reached XP level 3. HP: 33/33 MP: 2/4
  1703 | D:3      | Identified the +8 short sword "Dragon's Doom" {flame,
                  | Int+2}
  1715 | D:3      | Reached XP level 4. HP: 41/41 MP: 1/5
  1819 | D:3      | Found a transporter.
  1870 | D:3      | Noticed hgbash's ghost (amateur DjFE)
  1871 | D:3      | Noticed an ogre
  1871 | D:3      | Noticed an ogre
  2180 | D:4      | Reached XP level 5. HP: 48/48 MP: 6/6
  2283 | D:4      | Noticed an ogre
  2287 | D:4      | Killed an ogre
  2288 | D:4      | Reached skill level 4 in Unarmed Combat
  2288 | D:4      | Reached skill level 1 in Ice Magic
  2450 | D:4      | Reached XP level 6. HP: 56/57 MP: 5/7
  2788 | D:5      | Entered Level 5 of the Dungeon
  2871 | D:5      | Reached XP level 7. HP: 37/65 MP: 9/9
  3071 | D:5      | Reached skill level 5 in Unarmed Combat
  3706 | D:6      | Reached XP level 8. HP: 74/74 MP: 8/10
  3881 | D:6      | Reached skill level 6 in Unarmed Combat
  4078 | D:7      | Found a white marble altar of Elyvilon.
  4215 | D:7      | Found an ornate altar of the Wu Jian Council.
  4216 | D:7      | Found a basalt altar of Yredelemnul.
  4420 | D:7      | Found Roudokkia's Weapon Boutique.
  4439 | D:7      | Found a staircase to the Ecumenical Temple.
  4450 | Temple   | Entered the Ecumenical Temple
  4528 | Temple   | Became a worshipper of Kikubaaqudgha
  4806 | D:7      | Reached XP level 9. HP: 57/83 MP: 9/12
  4884 | D:7      | Killed an unseen horror
  4885 | D:7      | Reached skill level 5 in Transmutations
  5113 | D:7      | Reached skill level 7 in Unarmed Combat
  5357 | D:8      | Noticed a two-headed ogre
  5364 | D:8      | Killed a two-headed ogre
  5428 | D:8      | Noticed an orange demon
  5447 | D:8      | Killed an orange demon
  5469 | D:8      | Noticed Amaemon
  5486 | D:8      | Reached XP level 10. HP: 92/92 MP: 11/14
  5510 | D:8      | Killed Amaemon
  5511 | D:8      | Reached skill level 8 in Unarmed Combat
  5536 | D:8      | Found a staircase to the Lair.
  5553 | D:8      | Reached * piety under Kikubaaqudgha
  5553 | D:8      | Received a gift from Kikubaaqudgha
  5586 | D:8      | Noticed Grum
  5598 | D:8      | Killed Grum
  5952 | D:9      | Identified the +7 long sword "Qujyecs" {drain, *Slow
                  | Fragile rElec Stlth+}
  6032 | D:9      | Reached skill level 5 in Dodging
  6142 | D:9      | Noticed a centaur warrior
  6157 | D:9      | Killed a centaur warrior
  6158 | D:9      | Reached skill level 9 in Unarmed Combat
  6466 | D:9      | Reached XP level 11. HP: 101/101 MP: 14/16
  6891 | D:10     | Entered Level 10 of the Dungeon
  6891 | D:10     | Found Onaonear's Antique Armour Shoppe.
  6930 | D:10     | Noticed a two-headed ogre
  6939 | D:10     | Killed a two-headed ogre
  6940 | D:10     | Reached skill level 5 in Fighting
  7054 | D:10     | Reached ** piety under Kikubaaqudgha
  7081 | D:10     | Identified the +1 robe "Gefaith" {rF+ Regen+ Dex-5}
  7089 | D:10     | Found Itocoung's Book Boutique.
  7124 | D:10     | Reached skill level 1 in Necromancy
  7138 | D:10     | Found Halewk's Distillery.
  7266 | D:10     | Reached skill level 10 in Unarmed Combat
  7285 | D:10     | Noticed a necromancer
  7287 | D:10     | Noticed a necromancer
  7308 | D:10     | Killed a necromancer
  7316 | D:10     | Demolished by a shadow

Illustrated notes

Levels and vault maps discovered:
D:1:      roderic_crossed_star, layout_basic, serial_bayou_lagoon_a
D:2:      layout_loops_corners, minmay_tromino_v4_b
D:3:      layout_loops_ring, gammafunk_ghost_smash
D:4:      layout_basic, minmay_a_box_with_orc_wizards_in_it
D:5:      layout_basic
D:6:      layout_rooms, hangedman_decor_lopped
D:7:      layout_cave_pods, mainiacjoe_overflow_divided_tiny, elyvilon_altar_1,
          minmay_temple_entry_proselytizer, serial_shops, shop
D:8:      layout_rooms, due_lair_maze_entry_diamond, kennysheep_dice, uniq_grum,
          uniq_amaemon
D:9:      lemuel_troll_bridge, layout_loops_corners
D:10:     hangedman_screamer, layout_stronghold, ashenzari_altar_1, erik_orc_3,
          serial_shops, nicolae_take_the_stairs, shop,
          nicolae_shop_hallway_plus, shop_statue, shop, minmay_misc_feat_chi,
          serial_bayou_ford_a
Temple:   regret_index_temple_mists

Skill      XL: |  1  2  3  4  5  6  7  8  9 10 11 |
---------------+----------------------------------+-----
Fighting       | 1 2 3 4 5 |  5.5
Transmutations | 2 3 4 5 6 7 |  7.6
Dodging        | 2 3 4 5 |  5.8
Unarmed Combat | 4 5 6 7 9 10 | 10.2
Ice Magic      | 1 2 3 4 |  4.9
Spellcasting   | 2 3 4 |  4.4
Necromancy     | 2 |  2.2

Action                   |  1- 3 |  4- 6 |  7- 9 | 10-12 || total
-------------------------+-------+-------+-------+-------++-------
Melee: Unarmed           |   107 |    76 |   178 |   292 ||   653
       Headbutt          |     4 |     5 |    19 |    50 ||    78
       Punch             |     4 |     2 |     5 |    16 ||    27
       Kick              |     2 |    17 |    45 |    65 ||   129
 Cast: Beastly Appendage |     9 |    10 |    24 |    19 ||    62
       Wereblood         |     1 |     1 |     7 |     8 ||    17
 Stab: Sleeping          |       |     2 |     1 |       ||     3
Armor: Robe              |    42 |    15 |    16 |       ||    73
       Steam dragon scal |       |       |    43 |    37 ||    80
       Troll leather arm |       |       |       |    61 ||    61
Dodge: Dodged            |    38 |    55 |   150 |   232 ||   475

Table legend: (Time is in decaauts)
 A = Elapsed time spent in this place.
 B = Non-inter-level travel time spent in this place.
 C = Inter-level travel time spent in this place.
 D = Time resting spent in this place.
 E = Time spent auto-exploring this place.
 F = Levels seen in this place.
 G = Mean time per level.
                   A        B        C        D        E       F      G
               +--------+--------+--------+--------+--------+-----+--------+
         Total |   7320 |   6555 |    765 |      0 |   4993 |  11 |  665.5 |
       Dungeon |   7110 |   6382 |    728 |      0 |   4838 |  10 |  711.0 |
        Temple |    210 |    173 |     37 |      0 |    155 |   1 |  210.0 |
               +--------+--------+--------+--------+--------+-----+--------+

Top non-repeatable levels by time:
     D:9: 1060 daAuts
     D:7: 936 daAuts
     D:2: 907 daAuts
     D:5: 816 daAuts
     D:4: 698 daAuts
     D:8: 645 daAuts
     D:1: 615 daAuts
     D:3: 562 daAuts
     D:6: 448 daAuts
    D:10: 419 daAuts
  Temple: 210 daAuts
